[Event "Weekendtournooi Groningen & PK NOSBO"]
[Site "Groningen, Netherlands"]
[Date "2023.05.20"]
[Round "4.1"]
[White "De Boer, Eelke"]
[Black "Keuning, Selwin"]
[Result "1/2-1/2"]
[TimeControl "90min + 30sec/move"]
[WhiteTitle "FM"]
[WhiteElo "2293"]
[BlackElo "2148"]

1. e4 c5 2. Nf3 e6 3. d4 cxd4 4. Nxd4 Nc6 5. Nc3 Qc7 6. g3 a6 7. Bg2 Nf6 8. O-O Nxd4 9. Qxd4 Bc5 10. Bf4 d6 11. Qd2 h6 12. Rad1 e5 13. Be3 Bb4 14. a3 Bxc3 15. Qxc3 Qxc3 16. bxc3 Be6 17. Rxd6 Rc8 18. Bb6 Nd7 19. Ba5 b6 20. Bxb6 Ke7 21. Rfd1 Nxb6 22. Rxb6 Rxc3 23. f4 Rhc8 24. Bf1 exf4 25. gxf4 Rxc2 26.
Rb7+ R8c7 27. Bxa6 Rxb7 28. Bxb7 Ra2 29. Rd3 f5 30.
Rc3 g5 31. fxg5 hxg5 32. exf5 Bxf5 33. Bc6 Kf6 34. a4 Rc2 35. Rxc2 Bxc2 36. a5 Bd3 37.
Bb7 Ke5 38. Kf2 Kf4 39. Ke1 Ke3 40. Kd1 Be2+ 41. Kc2 Kd4 42. Kb3 Kc5 43. Kc3 Bf1 44. Be4 Ba6 45. Bd3 Bc8 46. Bc4 Bb7 47. Kd3 Bg2 48. Kc3 Bb7 49.
Be2 Bc8 50. Kd2 Kb4 51. Ke3 Kxa5 52. Ke4 Kb6 53. Ke5 Kc7 54. Kf6 g4 55. Bc4 Kd6 56. Bf7 Bd7 57. Bh5 Bc8 58. Kg5 Ke7 59. Bxg4 1/2-1/2

[Event "Weekendtournooi Groningen & PK NOSBO"]
[Site "Groningen, Netherlands"]
[Date "2023.05.20"]
[Round "4.2"]
[White "Maatman, Nick"]
[Black "Labruyere, Roger"]
[Result "1-0"]
[TimeControl "90min + 30sec/move"]
[WhiteTitle "IM"]
[WhiteElo "2348"]
[BlackElo "2169"]

1. d4 Nf6 2. Nf3 g6 3. c4 Bg7 4. Nc3 O-O 5. e4 d6 6. Be2 Nbd7 7. Qc2 e5 8. d5 Qe7 9. Bg5 h6 10. Bd2 c5 11. g3 a6 12. Nh4 Ne8 13. O-O Kh7 14. Rae1 Nc7 15. a4 b5 16. cxb5 axb5 17. Nxb5 Nxb5 18. Bxb5 Ba6 19. Bxa6 Rxa6 20. a5 Rb8 21. Rb1 Bf6 22. Ng2 Bg5 23. Bc3 Qe8 24. Ra1 Rba8 25. Ra3 Bd8 26. Rfa1 Nb8 27. Qa4 Qf8 28. Qb5 f5 29. exf5 Qxf5 30.
Ne3 Qc8 31. h4 R8a7 32. Qd3 h5 33. b4 cxb4 34. Bxb4 Rc7 35. Rc3 Qb7 36. Rxc7+ Bxc7 37. Bd2 Nd7 38. Qb1 Qa8 39. Qb5 Nf6 40. Rc1 Ra7 41. a6 Qf8 42.
Be1 Qf7 43. Rc6 Nd7 44. Ba5 Bxa5 45. Qxa5 Nc5 46. Qa2 Qf8 47. Nc4 Ne4 48. Qc2 Qf3 49. Nxd6 Nxg3 50. Rc7+ Rxc7 51. Qxc7+ Kh8 52. Qd8+ Kh7 53. Qe7+ Kg8 54. Qe8+ Kh7 55. Qf7+ 1-0

[Event "Weekendtournooi Groningen & PK NOSBO"]
[Site "Groningen, Netherlands"]
[Date "2023.05.20"]
[Round "4.3"]
[White "Jacobs, Florian"]
[Black "Bruggink, Tycho"]
[Result "1-0"]
[TimeControl "90min + 30sec/move"]
[WhiteElo "2227"]
[BlackElo "1873"]

1. d4 Nf6 2. c4 e6 3. Nf3 d5 4. Nc3 c6 5. e3 Nbd7 6. Be2 dxc4 7. a4 Bb4 8. O-O Bxc3 9. bxc3 b5 10. Ba3 Ne4 11. Qc2 f5 12. Nd2 Nxd2 13. Qxd2 Kf7 14. e4 Nf6 15. exf5 exf5 16. Bf3 Nd5 17. Rfe1 Be6 18. axb5 cxb5 19. Rxe6 Kxe6 20. Re1+ Kf7 21. Re5 Nf6 22. Re7+ Qxe7 23. Bxe7 Kxe7 24. Bxa8 Rxa8 25. Qe3+ Kf7 26. h3 Nd5 27. Qe5 Rd8 28.
Qxf5+ Kg8 29. Qg5 Rd7 30. Qg4 Rd8 31. Qg5 Rd7 32.
Qg3 Rd8 33. h4 a5 34. Qg5 Rd7 35. Qf5 Rd8 36. Qe6+ Kh8 37. Qa6 Nxc3 38. Qxa5 Ne2+ 39. Kf1 1-0

[Event "Weekendtournooi Groningen & PK NOSBO"]
[Site "Groningen, Netherlands"]
[Date "2023.05.20"]
[Round "4.4"]
[White "Aden, Tammo"]
[Black "Hummel, Paul"]
[Result "0-1"]
[TimeControl "90min + 30sec/move"]
[WhiteElo "1998"]
[BlackElo "2152"]

1. d4 Nf6 2. Nf3 e6 3.
c4 b6 4.
g3 Bb7 5. Bg2 Be7 6. O-O O-O 7. Nc3 Ne4 8. Qc2 Nxc3 9. bxc3 f5 10.
d5 Qc8 11. Nd4 c5 12. Nb3 e5 13. f4 e4 14. g4 g6 15. g5 Na6 16. Be3 Nc7 17. h4 Ne8 18. h5 Nd6
19. Nd2 gxh5 20. Kf2 h6 21. Rh1 Qe8 22. gxh6 Kh8 23. Rag1 Rg8 24.
h7 Rg4 25. Bh3 Rxg1 26. Rxg1 Qf7 27. Rg2 Qxh7 28. Qd1 Rg8 29.
Qg1 Rxg2+ 30. Qxg2 Qg7 31. Qxg7+ Kxg7 32. Kg3 h4+ 33. Kg2 Bf6 34.
Bf2 Bxc3 35. Nf1 Bf6 36. Ne3 Kg6 37. Kf1 Bd4 38. Ng2 Bxf2 39.
Kxf2 Ba6 40. Ne3 Kf6 41. a4 Bxc4 42. Bxf5 Nxf5 43. Nxc4 h3
44. Ne5 Nd6 45. Nxd7+ Kf5 46. Kg3 c4 47. Nb8 h2 48. Kxh2 Kxf4 49.
Nc6 c3 50. Nd4 Ke3 51. Nb5 Nxb5 52. axb5 c2 0-1

[Event "Weekendtournooi Groningen & PK NOSBO"]
[Site "Groningen, Netherlands"]
[Date "2023.05.20"]
[Round "4.6"]
[White "Van Foreest, Nanne"]
[Black "Kardoeus, David"]
[Result "1/2-1/2"]
[TimeControl "90min + 30sec/move"]
[WhiteElo "1914"]
[BlackElo "2158"]

1. e4 c5 2. c3 Nf6 3. e5 Nd5 4. d4 cxd4 5. Nf3 d6 6. cxd4 Nc6 7. Bc4 Be6 8. Qb3 Na5 9. Qb5+ Bd7 10. Qxd5 e6 11. Qe4 Nxc4 12. O-O Bc6 13. Qg4 h5 14. Qg3 dxe5 15. dxe5 Qd3 16. Nc3 O-O-O 17. Bg5 h4 18.
Bxh4 Re8 19. Qf4 Bxf3 20. gxf3 Rxh4 21. Qxh4 Nd2 22. Qf4 Nxf1 23. Rxf1 Qg6+ 24. Kh1 Kb8 25. Rg1 Qf5 26. Qxf5 exf5 27. f4 g6 28. Rd1 Bh6 29. Nd5 Rc8 30. Ne7 Re8 31. Nd5 Rc8 32.
Rd2 Rc4 33. Kg2 Bxf4 34. Nxf4 Rxf4 35. Rd7 Re4 36. Re7 a5 37.
Kf1 a4 38. f3 Rb4 39. Rxf7 Kc8 40. b3 axb3 41. axb3 g5 42. Rxf5 g4 43. f4 Rxb3 44. e6 Kd8 45. Rd5+ Ke7 46.
f5 Kf6 47. Re5 Rf3+ 48. Kg2 Ke7 49. h3 Rxh3 50. f6+ Kxf6 51. e7 Kxe5 52. e8=Q+ Kf5 53. Qd7+ Kg5 54. Qxb7 Rf3 55. Qd5+ Kg6 56. Qg8+ Kf5 57. Qg7 Rh3 58. Kf2 Rf3+ 59. Ke2 Rh3 60. Qg8 Rf3 61. Qe8 Rh3 62. Qc6 Rf3 63. Qd5+ Kg6 64. Qg8+ Kf5 65.
Qh7+ Kg5 66. Qe7+ Kf5 67. Qf7+ Kg5 68.
Qxf3 gxf3+ 69. Kxf3 1/2-1/2

[Event "Weekendtournooi Groningen & PK NOSBO"]
[Site "Groningen, Netherlands"]
[Date "2023.05.20"]
[Round "4.7"]
[White "Noordenbos, Daan"]
[Black "Basinas, Konstantinos"]
[Result "1-0"]
[TimeControl "90min + 30sec/move"]
[WhiteElo "2076"]
[BlackElo "1902"]

1. e4 e5 2. Nf3 Nc6 3. Bb5 a6 4. Ba4 Nf6 5. O-O b5 6. Bb3 Be7 7. Re1 d6 8. a4 Bg4 9. c3 O-O 10. h3 Bh5 11. d3 Na5 12. Bc2 c5 13. Nbd2 h6 14. Nf1 Nh7 15. Ng3 Bg6 16. Nf5 Bxf5 17. exf5 Re8 18. Nh2 Qc7 19. Qf3 Nf6 20. Ng4 Qc6 21. Nxf6+ Bxf6 22. Qg4 Kh7 23. Qh5 Kg8 24. Re4 d5 25. Rg4 Kf8 26. Bd2 c4 27.
Be3 Nb7 28. d4 e4 29. h4 b4 30. Rf4 bxc3 31. bxc3 Na5 32. g4 Bd8 33. g5 Nb3 34. Ra2 Bc7 35. Rg4 hxg5 36. hxg5 Ke7 37.
Qh7 Rh8 38. Qxg7 Rag8 39. Qf6+ Qxf6 40. gxf6+ Kxf6 41. Rxg8 Rxg8+ 42. Kf1 Rb8 43. Ke2 Ba5 44. Bd2 Kxf5 45. Bd1 Nxd2 46. Kxd2 Kg5 47. Bc2 f5 48. Ra1 Kf4 49. Rh1 Kf3 50.
Rh2 f4 51. Bd1+ 1-0

[Event "Weekendtournooi Groningen & PK NOSBO"]
[Site "Groningen, Netherlands"]
[Date "2023.05.20"]
[Round "4.8"]
[White "Hommes, Elmar"]
[Black "Aden, Meino"]
[Result "1-0"]
[TimeControl "90min + 30sec/move"]
[WhiteElo "2050"]
[BlackElo "1897"]

1. Nf3 Nf6 2. c4 e6 3. d4 d5 4. g3 c6 5. Bg2 Be7 6. O-O O-O 7. Qc2 Nbd7 8. Bf4 b6 9. cxd5 cxd5 10. Qc6 Ba6 11. Nc3 Qc8 12. Qa4 Qb7 13. Rfe1 b5 14. Qd1 b4 15.
Na4 Rac8 16. Ne5 Nb6 17. Nc5 Bxc5 18. dxc5 Rxc5 19. a3 bxa3 20. Rxa3 Nc4 21. Nxc4 Bxc4 22. Bd6 Rfc8 23. Bxc5 Rxc5 24. Qd4 Qc7 25. b4 Rb5 26. Rxa7 Qc6 27.
Qxc4 1-0

[Event "Weekendtournooi Groningen & PK NOSBO"]
[Site "Groningen, Netherlands"]
[Date "2023.05.20"]
[Round "4.9"]
[White "Westerlaan, Sander"]
[Black "Karsdorp, Nico"]
[Result "1-0"]
[TimeControl "90min + 30sec/move"]
[WhiteElo "1960"]
[BlackElo "1746"]

1. Nf3 f5 2. d4 Nf6 3. c4 e6 4.
g3 d5 5. Bg2 c6 6. O-O Bd6 7. Bf4 Bxf4 8. gxf4 O-O 9. e3 Bd7 10. Nbd2 Be8 11. Qc2 Ne4 12. Ne5 Nd7 13. Nxd7 Qxd7 14. Nf3 Qe7 15. Ne5 Qh4 16. f3 Nf6 17. c5 Nh5 18. Rf2 Rf6 19. Bf1 Rh6 20. Bd3 Nxf4 21. exf4 Qxf4 22. Qc3 Rh4 23. Bf1 Qxd4 24. Qxd4 Rxd4 25. f4 Bh5 26. Rc1 Rf8 27. a3 Rf6 28.
Rc3 Bd1 29. Ba6 bxa6 30. Nxc6 Rc4 31. Rxc4 dxc4 32. Ne5 c3 33. bxc3 Rf8 34. c6 Bb3 35. Rb2 Bd5 36. c7 1-0

[Event "Weekendtournooi Groningen & PK NOSBO"]
[Site "Groningen, Netherlands"]
[Date "2023.05.20"]
[Round "4.10"]
[White "Klooster, Jim"]
[Black "Aden, Keno"]
[Result "0-1"]
[TimeControl "90min + 30sec/move"]
[WhiteElo "1887"]
[BlackElo "1701"]

1. e4 c6 2. d4 d5 3. exd5 cxd5 4. Nc3 Nf6 5. Bf4 a6 6. Nf3 Nc6 7. h3 Bf5 8.
Bd3 Bxd3 9. Qxd3 e6 10. O-O Be7 11. Ne5 O-O 12. a3 Rc8 13. b4 Nxe5 14. Bxe5 Nd7 15. Bg3 Rc4 16. Na4 Bf6 17. c3 Qe7 18. Nc5 b6 19. Nb7 Nb8 20.
Nd6 Rc6 21. b5 Rxd6 22. Bxd6 Qxd6 23. bxa6 Nc6 24. Rfb1 Na5 25. Qb5 Nc4 26. a4 Bd8 27. a5 Nxa5 28. a7 Bc7 29. Rxa5 bxa5 30.
Qb7 Qd8 31. Qc6 Qd6 32. Qxd6 Bxd6 33. Rb6 Bc7 34. Rb7 Ra8 35. Rxc7 g6 36. Rb7 Kg7 37. Kf1 a4 38. Ke2 a3 39.
Rb1 Rxa7 40. Ra1 a2 41. Kd3 Kf6 42. f4 g5 43. fxg5+ Kxg5 44. g3 f5 45. Kc2 f4 46. gxf4+ Kxf4 47. Kb2 Kg3 48. h4 h5 49. Rg1+ Kxh4 50. Ka1 Kh3 51. Rh1+ Kg4 52. Rg1+ Kf5 53. Rh1 Kg5 54. Re1 Ra6 55. Rg1+ Kh6 56. Rh1 Ra3 57. Re1 Ra6 58. Rh1 Kg5 59. Rg1+ Kf4 60. Rh1 Ra3 61. Rxh5 Rxc3 62. Kxa2 Re3 63. Kb2 Ke4 64. Rh4+ Kd3 65. Kb3 Re4 66.
Rh1 Kxd4 0-1

[Event "Weekendtournooi Groningen & PK NOSBO"]
[Site "Groningen, Netherlands"]
[Date "2023.05.20"]
[Round "4.11"]
[White "Van Dijk, Ron"]
[Black "Clemens, Adrian"]
[Result "1/2-1/2"]
[TimeControl "90min + 30sec/move"]
[BlackTitle "FM"]
[WhiteElo "1746"]
[BlackElo "2060"]

1. Nf3 d5 2. e3 Nf6 3. d4 e6 4. c4 c5 5. cxd5 exd5 6. dxc5 Bxc5 7. Bb5+ Nc6 8.
O-O O-O 9. b3 Bg4 10. Bb2 Qe7 11. Nbd2 Rac8 12. Be2 Bd6 13. h3 Bh5 14. Nd4 Qe5
15. g3 Bxe2 16. Qxe2 Qg5 17. N2f3 Nxd4 18. Bxd4 Qh6 19. Kg2 a6 20. Rac1 Ne4 21.
Nd2 Qe6 22. Nxe4 dxe4 23. Qb2 1/2-1/2

[Event "Weekendtournooi Groningen & PK NOSBO"]
[Site "Groningen, Netherlands"]
[Date "2023.05.20"]
[Round "5.1"]
[White "Aden, Keno"]
[Black "Maatman, Nick"]
[Result "0-1"]
[TimeControl "90min + 30sec/move"]
[BlackTitle "IM"]
[WhiteElo "1701"]
[BlackElo "2348"]

1. d4 Nf6 2. Nf3 d5 3. c4 e6 4.
g3 Bb4+ 5. Bd2 Be7 6. Bg2 c6 7.
Qc2 Nbd7 8. O-O Ne4 9. Nc3 Nxd2 10. Nxd2 O-O 11. e4 dxc4 12. Nxc4 b5 13. Ne5 Nxe5 14. dxe5 a6 15. Ne2 Qc7 16.
Nd4 c5 17. a4 Rb8 18. axb5 axb5 19. Rfc1 Bd7 20. f4 Rfc8 21. Kh1 c4 22. Bf1 Qb7 23. Rd1 Rc7 24. Bg2 b4 25. f5 Rc5 26.
f6 Bf8 27. Nf3 c3 28. b3 Bc6 29. Rd4 Qb6 30. h4 Ra5 31. Rdd1 Rxa1 32. Rxa1 Rd8 33. Re1 Bb5 34. Bf1 Bxf1 35.
Rxf1 Qe3 36. Kg2 Rd3 37. Rf2 Qxe4 38. Qe2 Qd5 39. Kh2 g6 40.
h5 c2 0-1

[Event "Weekendtournooi Groningen & PK NOSBO"]
[Site "Groningen, Netherlands"]
[Date "2023.05.20"]
[Round "5.2"]
[White "Hummel, Paul"]
[Black "De Boer, Eelke"]
[Result "1-0"]
[TimeControl "90min + 30sec/move"]
[BlackTitle "FM"]
[WhiteElo "2152"]
[BlackElo "2293"]

1. d4 Nf6 2. Nf3 g6 3. c4 Bg7 4. g3 O-O 5. Bg2 d6 6. O-O Nc6 7. Nc3 e5 8. d5 Nb8 9. Ne1 a5 10. Nd3 Na6 11. e4 Nd7 12. Be3 f5 13. Qd2 b6 14. f4 exf4 15. Bxf4 Ndc5 16. Bg5 Qe8 17.
Nxc5 Nxc5 18. exf5 Rxf5 19. Rxf5 Bxf5 20. Re1 Qf8 21. Nb5 h6 22. Be3 Rc8 23. Bd4 Bd7 24. Bxg7 Qxg7 25. Nd4 Re8 26.
Rxe8+ Bxe8 27. Bh3 Qe5 28. Be6+ Kg7 29. b3 Ne4 30. Qe3 Ng5 31. Kf2 Ne4+ 32. Kf3 Nc5 33. a3 Kf6 34. Bc8 h5 35.
h4 Nd7 36. Ne6 Qf5+ 37. Qf4 Ne5+ 38. Ke3 c5 39. Nc7 Ng4+ 40. Qxg4 Qe5+ 41. Qe4 Qc3+ 42. Kf2 Qd2+ 43. Qe2 Qd4+ 44. Kg2 1-0

[Event "Weekendtournooi Groningen & PK NOSBO"]
[Site "Groningen, Netherlands"]
[Date "2023.05.20"]
[Round "5.4"]
[White "Keuning, Selwin"]
[Black "Westerlaan, Sander"]
[Result "1/2-1/2"]
[TimeControl "90min + 30sec/move"]
[WhiteElo "2148"]
[BlackElo "1960"]

1. e4 c5 2. c3 d6 3. d4 Nf6 4. Bd3 Nc6 5. d5 Ne5 6.
Be2 e6 7. Nf3 exd5 8. exd5 Nxf3+ 9. Bxf3 Be7 10. O-O O-O 11. a4 Bf5 12. Na3 a6 13. Bf4 Qc7 14. Re1 Rfe8 15. Nc4 Bf8 16.
Rxe8 Rxe8 17. a5 g6 18. h3 Be4 19. Nb6 Bg7 20. Bxe4 Rxe4 21. Qf3 Qe7 22. Nc8 Qc7 23. Nb6 Qe7 24.
Nc8 Qc7 25. Nb6 Re8 26. Nc4 Re4 27. Nb6 Qe7 28. Nc8 Qc7 29. Nxd6 Rxf4 30.
Qxf4 Ne8 31. Qxf7+ Qxf7 32. Nxf7 Kxf7 33. Re1 Nd6 1/2-1/2

[Event "Weekendtournooi Groningen & PK NOSBO"]
[Site "Groningen, Netherlands"]
[Date "2023.05.20"]
[Round "5.5"]
[White "Kingma, Lukas"]
[Black "Noordenbos, Daan"]
[Result "1-0"]
[TimeControl "90min + 30sec/move"]
[WhiteElo "1518"]
[BlackElo "2076"]

1. d4 Nf6 2. c4 g6 3. Nc3 Bg7 4. e4 d6 5. Nf3 O-O 6. Be2 Nbd7 7. O-O e5 8. Be3 Qe7 9. d5 a5 10. Nd2 c5 11. Qc2 Ne8 12. f4 f5 13. fxe5 Nxe5 14. Nf3 f4 15. Bd2 Bd7 16. Nd1 a4 17.
a3 Nc7 18. Bc3 b5 19. Nxe5 Bxe5 20. Bxe5 Qxe5 21. Kh1 bxc4 22. Nc3 Rf6 23. Bxc4 g5 24. Be2 g4 25. Qd1 h5 26. Rc1 Kg7 27.
h3 Rg6 28. Rc2 gxh3 29. gxh3 Bxh3 30. Rg1 Rxg1+ 31. Qxg1+ Kh6 32. Bf3 Qg5 33. Qd1 Rg8 34. e5 Qxe5 35. Rh2 Qf5 36. Bxh5 Bg2+ 37. Rxg2 Qh3+ 38. Rh2 Rg3 39. Rxh3 Rxh3+ 40. Kg2 Rxh5 41. Qf3 Rf5 42. Qh3+ Kg6 43. Kf3 Ne8 44. Qg4+ Rg5 45. Qe6+ Nf6 46. Ne4 Rf5 47. Qxd6 c4 48. Nxf6 Rxf6 49. Qc5 Kf5 50. d6+ Ke6 51. Qxc4+ Kxd6 52. Qd4+ Ke6 53. Qxf6+ Kxf6 54. Kxf4 1-0

[Event "Weekendtournooi Groningen & PK NOSBO"]
[Site "Groningen, Netherlands"]
[Date "2023.05.20"]
[Round "5.6"]
[White "Jovanovic, Luka L"]
[Black "Hommes, Elmar"]
[Result "0-1"]
[TimeControl "90min + 30sec/move"]
[WhiteElo "1384"]
[BlackElo "2050"]

1. d4 d5 2. c4 c6 3. Nf3 Nf6 4. Nc3 e6 5. e3 Nbd7 6. Qc2 Bd6 7. Bd3 O-O 8. O-O dxc4 9. Bxc4 b5 10. Bd3 Bb7 11. Rd1 Qc7 12. a3 a5 13. Bd2 Rfc8 14. h3 Qb8 15. Qb3 b4 16.
axb4 axb4 17. Ne4 Nxe4 18. Bxe4 Nf6 19. Bd3 c5 20. Be2 Bd5 21. Bc4 Bxf3 22. gxf3 cxd4 23. Rxa8 Qxa8 24. Bxe6 fxe6 25. Qxe6+ Kh8 26. Qxd6 Qxf3 27. Rf1 Ne4 28. Qxd4 Ng5 29.
Qh4 Qd5 30. f4 Nf3+ 31. Rxf3 Qxf3 32. Qg4 Qxg4+ 33. hxg4 b3 34. Bc3 Rxc3 0-1

[Event "Weekendtournooi Groningen & PK NOSBO"]
[Site "Groningen, Netherlands"]
[Date "2023.05.20"]
[Round "5.7"]
[White "Labruyere, Roger"]
[Black "Huiskes, Mathijs"]
[Result "1-0"]
[TimeControl "90min + 30sec/move"]
[WhiteElo "2169"]
[BlackElo "1746"]

1. e4 Nf6 2. e5 Nd5 3. d4 d6 4. Nf3 dxe5 5. Nxe5 c6 6. Qf3 Be6 7. c3 Nd7 8.
Nxd7 Qxd7 9. Be2 g6 10. Nd2 Bg7 11. Ne4 Nf6 12. Nc5 Qc8 13. Nxe6 Qxe6 14. O-O O-O 15. Bf4 Qd5 16. Qd3 Rac8 17.
Bf3 Qd7 18. Rfd1 Rfd8 19. Qe2 e6 20. Rac1 Nd5 21. Bd2 Re8 22. c4 Ne7 23. Bc3 Qc7 24. Qc2 Rcd8 25. Qa4 Qb6 26. c5 Qa6 27.
Qxa6 bxa6 28. Be2 Nf5 29. Bxa6 Bxd4 30. Ba5 Rd5 31. b4 Rb8 32. Bc4 Rd7 33. a4 Rdb7 34. Ba6 Rxb4 35. Bxb4 Rxb4 36.
a5 Ra4 37. Bd3 Ne7 38. Bc4 Bxc5 39. Bxe6 Rxa5 40. Bd7 Bb6 41. Bxc6 Ra2 42. Rf1 Nf5 43. g3 Nd4 44. Kg2 Kg7 45.
Bd5 Rb2 46. g4 Ne2 47. Rcd1 Nf4+ 48. Kg3 g5 49. h4 h6 50. hxg5 hxg5 51. Kf3 Rc2 52. Bb7 Rc7 53. Ba6 Rc3+ 54.
Ke4 Ra3 55. Ra1 Rc3 56. Rfc1 Rb3 57. Bc4 Rb4 58. Rab1 Ra4 59. Kf5 f6 60. Rb2 Ra5+ 61. Rb5 Ra3 62. Bb3 Nd3 63. Rc8 Ne5 64.
Rg8+ Kh7 65. Rb8 Kg7 66. Rb7+ Kh6 67. f4 Nf3 68. Kxf6 Bd4+ 69. Kf5 Nh4+ 70. Ke4 Bb6 71. fxg5+ Kg6 72. Bf7+ Kg7 73. Be8+ Kg8 74.
Re5 Re3+ 75. Kd5 Ra3 76. Bf7+ Kg7 77. Bh5+ 1-0

[Event "Weekendtournooi Groningen & PK NOSBO"]
[Site "Groningen, Netherlands"]
[Date "2023.05.20"]
[Round "5.8"]
[White "Kardoeus, David"]
[Black "Remmerswaal, Wouter"]
[Result "1-0"]
[TimeControl "90min + 30sec/move"]
[WhiteElo "2158"]
[BlackElo "1798"]

1. e4 c6 2. d4 d5 3. e5 c5 4. dxc5 e6 5. a3 Bxc5 6.
b4 Be7 7. Qg4 g6 8. h4 h5 9. Qg3 a5 10. b5 Nd7 11. Nf3 b6 12. Bd3 Bb7 13. Bxg6 Nh6 14. Bxh5 Nf5 15. Qg4 Qc7 16.
Bf4 Nc5 17. Nbd2 Kd7 18. Bxf7 Raf8 19. Qg6 Bxh4 20. Qxf5 Ke7 21. Bg5+ Bxg5 22. Qxg5+ Kxf7 23. Qf6+ 1-0

[Event "Weekendtournooi Groningen & PK NOSBO"]
[Site "Groningen, Netherlands"]
[Date "2023.05.20"]
[Round "5.9"]
[White "Karsdorp, Nico"]
[Black "Aden, Tammo"]
[Result "0-1"]
[TimeControl "90min + 30sec/move"]
[WhiteElo "1746"]
[BlackElo "1998"]

1. c4 e6 2. Nc3 Nf6 3.
e4 d5 4.
e5 Nfd7 5. f4 dxc4 6. Bxc4 Nxe5 7. fxe5 Qh4+ 8. g3 Qxc4 9. d3 Qc6 10. Nf3 Bc5 11. Ne4 Nd7 12. Bd2 Qd5 13. Bc3 b6 14.
b4 Be7 15. a4 Bb7 16. O-O c5 17. Nd6+ Bxd6 18. exd6 O-O 19. d4 cxb4 20. Bxb4 Rac8 21. Qd2 Rc4 22. a5 Rfc8 23. Rf2 Nf6 0-1

[Event "Weekendtournooi Groningen & PK NOSBO"]
[Site "Groningen, Netherlands"]
[Date "2023.05.20"]
[Round "5.10"]
[White "Bruggink, Tycho"]
[Black "De Vries, Arjan"]
[Result "1-0"]
[TimeControl "90min + 30sec/move"]
[WhiteElo "1873"]
[BlackElo "1592"]

1. e4 e5 2. Nf3 Nf6 3. Nxe5 d6 4. Nf3 Nxe4 5. Nc3 Nxc3 6. dxc3 Be7 7. Be3 Nd7 8. Qd2 Ne5 9. O-O-O Nxf3 10. gxf3 Be6 11. Qd4 Bf6 12. Qb4 Bg5 13. Qxb7 Bxe3+ 14. fxe3 O-O 15. Bd3 Qf6 16. Qe4 g6 17.
Qd4 Qe7 18. c4 Rab8 19. h4 c5 20. Qc3 Rb6 21. h5 Qg5 22. f4 Qg3 23. Be4 Bxc4 24. hxg6 fxg6 25. Qxc4+ Kg7 26. Qc3+ 1-0

[Event "Weekendtournooi Groningen & PK NOSBO"]
[Site "Groningen, Netherlands"]
[Date "2023.05.20"]
[Round "5.11"]
[White "Van Foreest, Nanne"]
[Black "Blokzijl, Ruben"]
[Result "1-0"]
[TimeControl "90min + 30sec/move"]
[WhiteElo "1914"]
[BlackElo "1454"]

1. e4 c6 2. Nc3 d5 3. Nf3 Bg4 4. h3 Bxf3 5. Qxf3 Nf6 6.
e5 Nfd7 7. d4 e6 8. Ne2 c5 9. c3 Nc6 10. Qg4 Rc8 11. f4 g6 12.
Rb1 cxd4 13. cxd4 Nb4 14. Qf3 Qa5 15. Bd2 Nc2+ 16. Kd1 Qxa2 17. Rc1 Qxb2 18. Qd3 Ba3 19. Rxc2 Qb1+ 20. Nc1 Rxc2 21. Qxc2 Qxc2+ 22. Kxc2 O-O 23. Kb3 Bxc1 24. Bxc1 Rc8 25. Bd2 Nb6 26. Bd3 Nc4 27. Bxc4 dxc4+ 28. Kb4 a6 29. Bc3 Rc6 30.
Ka5 Kf8 31. Bb4+ Ke8 32. Bc5 Kd7 33. Rc1 Kc7 34. Rxc4 h5 35. Bd6+ Kd7 36. Rb4 b5 37. Bc5 Kc7 38. g4 1-0

[Event "Weekendtournooi Groningen & PK NOSBO"]
[Site "Groningen, Netherlands"]
[Date "2023.05.21"]
[Round "6.1"]
[White "Maatman, Nick"]
[Black "Kingma, Lukas"]
[Result "1-0"]
[TimeControl "90min + 30sec/move"]
[WhiteTitle "IM"]
[WhiteElo "2348"]
[BlackElo "1518"]

1. d4 Nf6 2. c4 g6 3.
Nc3 Bg7 4. e4 d6 5. Be2 O-O 6. Nf3 e5 7. O-O Nc6 8. d5 Ne7 9. b4 Nh5 10. Re1 f5 11. a4 a5 12. bxa5 Rxa5 13. Ra3 Kh8 14. exf5 Bxf5 15.
Ng5 Nf6 16. Bd2 Ra8 17. g4 Bd7 18. Nce4 Nxe4 19. Nxe4 b6 20. a5 Qc8 21. f3 Ng8 22. h3 Nf6 23. Nf2 c6 24. dxc6 Bxc6 25. Bb4 bxa5 26. Bxd6 Rd8 27.
c5 Ne8 28. Qd2 Nxd6 29. cxd6 a4 30.
Rd1 Qe6 31. Rc3 Qe8 32. Qc1 Rdc8 33. Ne4 Bd7 34. Bc4 Be6 35. Bxe6 Qxe6 36. Rxc8+ Rxc8 37. Qd2 Qd7 38. Qa5 Rf8 39.
Kg2 Qf7 40. Qc3 Bf6 41. d7 Qe7 42. Qc6 a3 43. Qxf6+ Qxf6 44. Nxf6 1-0

[Event "Weekendtournooi Groningen & PK NOSBO"]
[Site "Groningen, Netherlands"]
[Date "2023.05.21"]
[Round "6.2"]
[White "Jacobs, Florian"]
[Black "Hummel, Paul"]
[Result "1/2-1/2"]
[TimeControl "90min + 30sec/move"]
[WhiteElo "2227"]
[BlackElo "2152"]

1. d4 Nf6 2. c4 e6 3.
Nf3 b6 4. g3 Bb7 5. Bg2 Be7 6. O-O O-O 7.
Re1 d6 8. Nc3 Ne4 9. Ng5 Nxc3 10. Qc2 Ne4 11. Bxe4 Bxe4 12. Qxe4 Bxg5 13. Qxa8 Bf6 14. Qe4 d5 15. cxd5 exd5 16. Qd3 Nc6 17. Be3 Ne7 18. Rac1 Qd7 19. f3 h5 20. Bf2 Nf5 21.
Rc2 Rc8 22. Rec1 h4 23. g4 Ne7 24. Qa6 c6 25. a4 Bg5 26. e3 f5 27. f4 fxg4 28. fxg5 Nf5 29. Qe2 g3 30. hxg3 hxg3 31. Be1 Re8 32. Rc3 c5 33. Qg4 Re4 34. Qh3 Rh4 35.
Qf1 Qe6 36. Qf3 Rh3 37. Qg4 Rh4 38. Qf3 Rh3 39. Qg4 Rh4 40. Qf3 Rh3 1/2-1/2

[Event "Weekendtournooi Groningen & PK NOSBO"]
[Site "Groningen, Netherlands"]
[Date "2023.05.21"]
[Round "6.3"]
[White "Hommes, Elmar"]
[Black "Labruyere, Roger"]
[Result "1/2-1/2"]
[TimeControl "90min + 30sec/move"]
[WhiteElo "2050"]
[BlackElo "2169"]

1. d4 Nf6 2. Nf3 c5 3. c4 cxd4 4. Nxd4 Nc6 5. Nc3 a6 6. e4 d6 7. Be2 g6 8. O-O Bg7 9. Be3 O-O 10. f3 Bd7 11.
Qd2 Rb8 12. Rac1 Ne8 13. b3 Nc7 14. Nxc6 bxc6 15. c5 d5 16. exd5 Bxc3 17. Rxc3 Nxd5 18. Rc4 Nxe3 19. Qxe3 Be6 20.
Rh4 h5 21. Rd1 Qa5 22. Rxh5 Rfd8 23. Qe5 Rxd1+ 24. Bxd1 gxh5 25. Qxb8+ Kg7 26. Qe5+ Kg8 27. Qb8+ Kg7 28. Qe5+ Kg8 29. Qb8+ 1/2-1/2

[Event "Weekendtournooi Groningen & PK NOSBO"]
[Site "Groningen, Netherlands"]
[Date "2023.05.21"]
[Round "6.4"]
[White "De Boer, Eelke"]
[Black "Bruggink, Tycho"]
[Result "1-0"]
[TimeControl "90min + 30sec/move"]
[WhiteTitle "FM"]
[WhiteElo "2293"]
[BlackElo "1873"]

1. e4 c5 2. Nc3 Nc6 3. Bb5 d6 4. Nf3 Bd7 5. a4 Nf6 6.
d3 g6 7.
Bg5 Bg7 8. Qd2 h6 9. Bh4 Ng4 10. O-O O-O 11. Nd1 Nd4 12. Nxd4 cxd4 13. h3 Ne5 14. f4 Bxb5 15. axb5 Nd7 16.
c4 dxc3 17. bxc3 Qb6+ 18. Kh1 e6 19. Rb1 f5 20. Ne3 Rfe8 21. exf5 gxf5 22. d4 Rac8 23. g4 fxg4 24. hxg4 d5 25.
Qd3 Nf6 26. Bxf6 Bxf6 27. g5 Bg7 28.
gxh6 Bxh6 29. Qg6+ Bg7 30. Ng4 Re7 31. Rf3 Rc6 32. Nf6+ Kf8 33. Nh7+ Kg8 34. Nf6+ Kf8 35. Rh3 Rf7 36. Nh7+ Ke7 37. Ng5 1-0

[Event "Weekendtournooi Groningen & PK NOSBO"]
[Site "Groningen, Netherlands"]
[Date "2023.05.21"]
[Round "6.6"]
[White "Aden, Tammo"]
[Black "Keuning, Selwin"]
[Result "1/2-1/2"]
[TimeControl "90min + 30sec/move"]
[WhiteElo "1998"]
[BlackElo "2148"]

1. d4 d5 2. Nf3 Nf6 3. c4 c6 4. g3 Bf5 5.
Bg2 e6 6. Qb3 Qb6 7. c5 Qc7 8. Bf4 Qc8 9. O-O h6 10. Nc3 Nbd7 11. Rac1 Be7 12.
Ne5 O-O 13. Rfe1 Rd8 14. Qa4 Bh7 15. b4 Nxe5 16. Bxe5 Nd7 17. Bf4 b5 18. Qb3 Bf6 19. Rcd1 a5 20. a3 axb4 21. axb4 Qa6 22.
e4 Qa3 23. Qxa3 Rxa3 24. exd5 exd5 25. Nxd5 cxd5 26. c6 g5 27. Bc7 Rc8 1/2-1/2

[Event "Weekendtournooi Groningen & PK NOSBO"]
[Site "Groningen, Netherlands"]
[Date "2023.05.21"]
[Round "6.7"]
[White "Kardoeus, David"]
[Black "Aden, Keno"]
[Result "1/2-1/2"]
[TimeControl "90min + 30sec/move"]
[WhiteElo "2158"]
[BlackElo "1701"]

1. c4 c6 2. d4 d5 3. Nc3 Nf6 4.
cxd5 cxd5 5. f3 Nc6 6. e4 dxe4 7. d5 Ne5 8. fxe4 Qb6 9. Nf3 Nxf3+ 10. Qxf3 e6 11. Bb5+ Bd7 12. Be3 Bc5 13.
Bxc5 Qxc5 14. Bxd7+ Nxd7 15.
dxe6 fxe6 16. O-O-O O-O-O 17. Qg3 Nf6 18. Kb1 Qc7 19. e5 Nh5 20. Qe3 Rhf8 21. Rxd8+ Qxd8 22. Nb5 Qd5 23.
Qa3 Rf2 24. Rc1+ Kd8 25. Qxa7 Rxb2+ 26. Kxb2 Qxb5+ 27. Ka3 Qd3+ 28. Kb4 Qe4+ 29. Rc4 Qxe5 30. Qa8+ Ke7 31. Qxb7+ Kf6 32. Qf3+ Ke7 33. g4 Qb8+ 34. Kc3 Nf6 35. Qc6 Nd5+ 36.
Kd4 Qb2+ 37. Kc5 Qf2+ 38. Kb5 Qb2+ 39. Kc5 Qf2+ 40. Kb5 Qb2+ 41. Ka5 Qxa2+ 42. Qa4 Qd2+ 43. Ka6 Qxh2 44. Rc6 Qb2 45. Ka7 Qf2+ 46. Kb7 Qb2+ 47. Ka7 Qf2+ 48. Kb7 Qb2+ 49.
Ka7 Qf2+ 50. Kb7 1/2-1/2